 Dungeon Crawl Stone Soup version 0.29.1-1-gd02db6906a (webtiles) character file.

Game seed: 2701847682351767963

90 experimilk the Ruffian (level 4, -3/41 HPs)
             Began as a Troll Gladiator on Oct 7, 2022.
             Killed by divine providence
             ... invoked by an orc priest
              (11 damage)
             ... on level 4 of the Dungeon.
             The game lasted 00:05:06 (2519 turns).

experimilk the Ruffian (Troll Gladiator)            Turns: 2519, Time: 00:05:07

Health: -3/41      AC:  4    Str: 24    XL:     4   Next: 32%
Magic:  3/3        EV: 10    Int:  4    God:
Gold:   189        SH:  0    Dex: 11    Spells: 3/3 levels left

rFire   . . .      SeeInvis +     - Unarmed
rCold   . . .      Faith    .   (no shield)
rNeg    . . .      Spirit   .   r - +0 animal skin
rPois   +          Reflect  .   b - +0 hat
rElec   .          Harm     .   (no cloak)
rCorr   .          Rampage  .   (gloves unavailable)
Will    .....                   (boots unavailable)
Stlth   +.........              (no amulet)
HPRegen 0.93/turn               w - ring of see invisible
MPRegen 0.08/turn               p - ring of poison resistance

@: no status effects
A: large, unfitting armour, claws 3, regeneration 1, shaggy fur 1, tough skin 1
a: no special abilities


You were on level 4 of the Dungeon.
You visited 1 branch of the dungeon, and saw 4 of its levels.

You collected 189 gold pieces.

Inventory:

Missiles
 c - 3 throwing nets
 d - 2 boomerangs (quivered)
 k - a large rock
 l - 63 stones
Armour
 a - a +0 robe
 b - a +0 hat (worn)
 r - a +0 animal skin (worn)
Jewellery
 p - a ring of poison resistance (right claw)
 v - an amulet of magic regeneration
 w - a ring of see invisible (left claw)
Scrolls
 f - a scroll of butterflies {unknown}
 i - a scroll of vulnerability {unknown}
 j - a scroll of noise {unknown}
 m - a scroll of fear {unknown}
 q - 2 scrolls of teleportation
 t - a scroll of identify {unknown}
 u - a scroll of blinking {unknown}
 x - a scroll of poison {unknown}
Potions
 e - a potion of heal wounds {unknown}
 g - a potion of attraction {unknown}
 h - 3 potions of haste {unknown}
 n - a potion of magic {unknown}
 o - a potion of degeneration {unknown}
 s - a potion of ambrosia {unknown}
 z - a potion of might {unknown}


   Skills:
 - Level 1.5 Fighting
 + Level 2.7 Throwing
 - Level 2.4 Dodging
 * Level 4.6 Unarmed Combat


You had 3 spell levels left.
You didn't know any spells.
Your spell library was empty.

Dungeon Overview and Level Annotations

Branches:
Dungeon (4/15)
 Temple: D:4-7

Altars:


Innate Abilities, Weirdness & Mutations

You are too large for most types of armour.
You have claws for hands.
Your natural rate of healing is unusually fast.
You are covered in fur. (AC +1)
You have tough skin. (AC +1)


Message History

Found a scroll labelled ZOCOIDO FUGRO.
There is a stone staircase leading up here.
An orc comes into view. It is wielding a +0 mace.
The orc shouts!
The kobold throws a stone.
The stone closely misses you.
The orc moves out of view.
Found a hand axe.
The kobold closely misses you.
You closely miss the kobold. The kobold closely misses you.
You scratch the kobold.
You kill the kobold!
An orc priest comes into view. It is wielding a +0 war axe.
An orc priest comes into view. It is wielding a +0 short sword.
Found 15 gold pieces.
The orc hits you with a +0 mace.
You claw the orc!
You kill the orc!
The orc priest begins to cast a cantrip, but forgets the words!
An orc warrior comes into view. It is wielding a +0 war axe.
The orc priest looks satisfied for a moment.
You hear a shout!
The orc warrior shouts!
You hear a shout!
The orc priest hits you with a +0 short sword.
You scratch the orc priest.
The orc priest is lightly wounded.
The orc priest hits you but does no damage.
You scratch the orc priest but do no damage.
The orc priest is lightly wounded.
The orc priest hits you with a +0 short sword.
You barely miss the orc priest.
The orc priest is lightly wounded.
An endoplasm comes into view.
The orc priest invokes the aid of Beogh against you.
Beogh smites you!
The endoplasm quivers.
The orc warrior throws a boomerang.
The boomerang hits you.
There is a stone staircase leading up here.
The orc warrior throws a boomerang.
The boomerang hits you!
* * * LOW HITPOINT WARNING * * *
The orc priest invokes the aid of Beogh against you.
Beogh smites you!
You die...

# .... #. #.^#.
##.. ..### .
....########.##) ..
........).....####.
#.....J....# #.##
#..##.....## ....#
..##.@..o##....##
+....?...oo......#
#.........##......
#######...# o..#.
##### .$.. .## #


You could see an orc warrior, 2 orc priests and an endoplasm.

Vanquished Creatures
  Robin (D:2)
  2 adders
  A dart slug (D:2)
  2 orcs
  A bat (D:1)
  3 endoplasms
  A giant cockroach (D:3)
  18 goblins
  5 hobgoblins
  6 jackals (D:2)
  A ball python (D:3)
  3 frilled lizards (D:1)
  3 kobolds
  4 rats
51 creatures vanquished.

Notes
Turn   | Place    | Note
-------+----------+-------------------------------------------
     0 | D:1      | experimilk the Troll Gladiator began the quest for the Orb.
     0 | D:1      | Reached XP level 1. HP: 19/19 MP: 0/0
    80 | D:1      | Found a faded altar of an unknown god.
   745 | D:1      | Reached XP level 2. HP: 27/27 MP: 1/1
  1204 | D:2      | Noticed Robin
  1224 | D:2      | Killed Robin
  1225 | D:2      | Reached XP level 3. HP: 25/33 MP: 2/2
  1234 | D:2      | Reached skill level 4 in Unarmed Combat
  1454 | D:2      | Reached XP level 4. HP: 41/41 MP: 3/3
  2478 | D:4      | Noticed a scorpion
  2509 | D:4      | Noticed an orc warrior
  2519 | D:4      | Killed from afar by an orc priest

Illustrated notes

Levels and vault maps discovered:
D:1:      lemuel_arrival_hallway, layout_loops_ring,
          hellmonk_ecumenical_altar_heavens_door, serial_forest,
          infiniplex_forest_end_1, infiniplex_forest_corner_1,
          infiniplex_forest_diagonal, infiniplex_forest_zigzag_2,
          infiniplex_forest_clump_small, infiniplex_forest_end_double,
          infiniplex_forest_lined_1, infiniplex_forest_side_room,
          infiniplex_forest_lined_3, roderic_three_in_a_row
D:2:      layout_rooms, minmay_tree_intersection, uniq_robin
D:3:      layout_loops_ring, minmay_misc_feat_enclosed
D:4:      layout_gridville, vehumet_crystals, minmay_temple_entry_crystal_x,
          minmay_fractal_squares_gapless_5, uniq_sigmund

Skill      XL: |  1  2  3 |
---------------+----------+-----
Throwing       | 2 |  2.7
Unarmed Combat | 4 |  4.6
Fighting       | |  1.5
Dodging        | |  2.4

Action                   |  1- 3 |  4- 6 || total
-------------------------+-------+-------++-------
Melee: Unarmed           |    92 |    21 ||   113
       Punch             |       |     1 ||     1
Throw: Throwing net      |     1 |       ||     1
       Large rock        |     1 |       ||     1
       Boomerang         |       |     1 ||     1
  Use: Scroll            |       |     1 ||     1
Armor: Robe              |    32 |     1 ||    33
       Animal skin       |       |     3 ||     3
Dodge: Dodged            |    43 |    11 ||    54
